1958 views
Uploaded 2022-12-30 23:15:33
Game version 1.32.10
16:48 long 2on2 ladder game on (4)TwistedMeadows
Saved by DKnight
1958 views
Uploaded 2022-12-30 23:15:33
Game version 1.32.10
16:48 long 2on2 ladder game on (4)TwistedMeadows


71 units @ 8.9k
/ 1.3k
30 buildings @ 5k
/ 1.8k


| Orb of Venom | 1 | 325 |
| Scroll of Town Portal | 2 | 700 |
| Scroll of Healing | 1 | 250 |
| Potion of Lesser Invulnerability | 1 | 150 |
| total: | 5 | 1425g |
| Wisp | 12 | 720 | / | 0 |
| Archer | 10 | 1300 | / | 100 |
| Dryad | 11 | 1595 | / | 660 |
| Goblin Shredder | 1 | 375 | / | 100 |
| total: | 34 | 3990g | / | 860w |
| Ancient Protector | 1 | 135 | / | 80 |
| Ancient of War | 1 | 150 | / | 60 |
| Moon Well | 6 | 1080 | / | 240 |
| Altar of Elders | 1 | 180 | / | 50 |
| Hunter's Hall | 1 | 210 | / | 100 |
| Ancient of Wonders | 1 | 90 | / | 30 |
| Ancient of Lore | 2 | 310 | / | 290 |
| Tree of Ages | 1 | 320 | / | 180 |
| Tree of Eternity | 1 | 330 | / | 200 |
| total: | 13 | 2155g | / | 850w |
| 0:05 | Wisp |
| 0:05 | Wisp |
| 0:05 | Wisp |
| 0:16 | Ancient of War |
| 0:21 | Moon Well |
| 0:24 | Wisp |
| 0:24 | Wisp |
| 0:33 | Wisp |
| 0:52 | Altar of Elders |
| 1:14 | Moon Well |
| 1:27 | Archer |
| 1:28 | Archer |
| 1:43 | Archer |
| 1:48 | Wisp |
| 2:00 | Archer |
| 2:27 | Summon Quilbeast |
| 3:14 | Hunter's Hall |
| 3:44 | Tree of Ages |
| 4:14 | Archer |
| 4:14 | Archer |
| 4:14 | Archer |
| 4:21 | Ancient Protector |
| 4:24 | Moon Well |
| 5:10 | Archer |
| 5:29 | Summon Hawk |
| 6:29 | Improved Bows |
| 6:31 | Wisp |
| 6:31 | Wisp |
| 6:31 | Wisp |
| 6:31 | Wisp |
| 6:44 | Frost Arrows |
| 7:37 | Moon Well |
| 7:47 | Archer |
| 7:47 | Archer |
| 8:05 | Wisp |
| 8:25 | Tree of Eternity |
| 8:30 | Ancient of Lore |
| 8:43 | Summon Hawk |
| 8:50 | Forked Lightning |
| 9:00 | Moon Well |
| 9:20 | Scroll of Town Portal |
| 9:21 | Potion of Lesser Invulnerability |
| 9:21 | Scroll of Healing |
| 9:52 | Dryad |
| 9:57 | Ancient of Lore |
| 10:01 | Ancient of Wonders |
| 10:32 | Dryad |
| 10:32 | Dryad |
| 11:19 | Goblin Shredder |
| 11:24 | Marksmanship |
| 11:30 | Scroll of Town Portal |
| 11:31 | Orb of Venom |
| 11:39 | Dryad |
| 11:51 | Dryad |
| 12:25 | Dryad |
| 12:35 | Dryad |
| 12:47 | Forked Lightning |
| 13:26 | Summon Quilbeast |
| 13:39 | Dryad |
| 13:39 | Dryad |
| 13:52 | Dryad |
| 14:01 | Reinforced Hides |
| 14:21 | Frost Arrows |
| 14:48 | Dryad |
| 16:11 | Moon Well |
| Right click | 947 |
| Select | 343 |
| Select group | 297 |
| Build/train/purchase | 91 |
| Assign group | 59 |
| Misc. action | 36 |
| Use ability | 13 |
| Item give/drop | 5 |
| Minimap ping | 2 |


| Rod of Necromancy | 1 | 150 |
| Potion of Healing | 3 | 450 |
| Potion of Mana | 2 | 400 |
| Dust of Appearance | 1 | 75 |
| Scroll of Town Portal | 2 | 700 |
| total: | 9 | 1775g |
| Acolyte | 9 | 675 | / | 0 |
| Ghoul | 15 | 1800 | / | 0 |
| Gargoyle | 8 | 1400 | / | 240 |
| Obsidian Statue | 5 | 1000 | / | 175 |
| total: | 37 | 4875g | / | 415w |
| Nerubian Tower | 3 | 300 | / | 60 |
| Spirit Tower | 6 | 870 | / | 240 |
| Altar of Darkness | 1 | 180 | / | 50 |
| Ziggurat | 8 | 1200 | / | 400 |
| Crypt | 3 | 600 | / | 150 |
| Tomb of Relics | 1 | 130 | / | 30 |
| Necropolis | 1 | 225 | / | 0 |
| Graveyard | 1 | 215 | / | 0 |
| Slaughterhouse | 1 | 140 | / | 135 |
| Boneyard | 1 | 175 | / | 200 |
| Halls of the Dead | 1 | 320 | / | 210 |
| Black Citadel | 2 | 650 | / | 460 |
| total: | 17 | 2865g | / | 965w |
| 0:03 | Acolyte |
| 0:03 | Acolyte |
| 0:30 | Altar of Darkness |
| 0:33 | Ziggurat |
| 0:35 | Crypt |
| 0:38 | Crypt |
| 1:22 | Ziggurat |
| 1:24 | Tomb of Relics |
| 1:39 | Ghoul |
| 1:40 | Ghoul |
| 1:45 | Nerubian Tower |
| 2:02 | Ghoul |
| 2:20 | Ghoul |
| 2:30 | Sleep |
| 2:31 | Rod of Necromancy |
| 2:31 | Dust of Appearance |
| 2:36 | Ghoul |
| 2:37 | Ghoul |
| 3:08 | Ghoul |
| 3:13 | Ghoul |
| 3:16 | Ziggurat |
| 4:09 | Ghoul |
| 4:15 | Acolyte |
| 4:16 | Acolyte |
| 4:17 | Acolyte |
| 4:30 | Ghoul |
| 5:11 | Necropolis |
| 5:18 | Ghoul |
| 5:36 | Acolyte |
| 5:46 | Acolyte |
| 6:11 | Halls of the Dead |
| 6:19 | Ziggurat |
| 6:37 | Ghoul |
| 6:39 | Graveyard |
| 6:50 | Carrion Swarm |
| 7:01 | Ghoul |
| 7:01 | Ghoul |
| 7:38 | Crypt |
| 7:58 | Acolyte |
| 7:58 | Acolyte |
| 7:59 | Ziggurat |
| 8:00 | Ziggurat |
| 8:24 | Ziggurat |
| 8:28 | Spirit Tower |
| 8:29 | Spirit Tower |
| 8:46 | Slaughterhouse |
| 8:55 | Nerubian Tower |
| 8:56 | Spirit Tower |
| 9:06 | Gargoyle |
| 9:12 | Gargoyle |
| 9:34 | Potion of Healing |
| 9:34 | Potion of Healing |
| 9:35 | Carrion Swarm |
| 9:43 | Gargoyle |
| 9:52 | Frost Nova |
| 10:41 | Scroll of Town Portal |
| 10:47 | Potion of Mana |
| 10:50 | Spirit Tower |
| 10:52 | Ziggurat |
| 11:02 | Obsidian Statue |
| 11:05 | Black Citadel |
| 11:06 | Black Citadel |
| 11:12 | Spirit Tower |
| 11:30 | Obsidian Statue |
| 11:33 | Ghoul |
| 12:33 | Gargoyle |
| 12:34 | Obsidian Statue |
| 13:22 | Obsidian Statue |
| 13:24 | Gargoyle |
| 13:55 | Gargoyle |
| 13:58 | Boneyard |
| 14:02 | Spirit Tower |
| 15:03 | Obsidian Statue |
| 15:04 | Destroyer Form |
| 15:05 | Gargoyle |
| 15:10 | Potion of Mana |
| 15:10 | Potion of Healing |
| 15:12 | Scroll of Town Portal |
| 15:47 | Gargoyle |
| Right click | 514 |
| Select group | 348 |
| Select | 243 |
| Build/train/purchase | 105 |
| Misc. action | 48 |
| Assign group | 43 |
| Chat | 37 |
| Use ability | 30 |
| Resource trade | 4 |
| Minimap ping | 3 |
| Item give/drop | 2 |
| Esc | 1 |
49 units @ 7.7k
/ 1.3k
31 buildings @ 4.9k
/ 2k


| Rod of Necromancy | 2 | 300 |
| Potion of Healing | 1 | 150 |
| Lesser Clarity Potion | 1 | 70 |
| Potion of Lesser Invulnerability | 2 | 300 |
| Healing Salve | 1 | 100 |
| total: | 7 | 920g |
| Acolyte | 6 | 450 | / | 0 |
| Ghoul | 2 | 240 | / | 0 |
| Crypt Fiend | 10 | 2150 | / | 400 |
| Obsidian Statue | 4 | 800 | / | 140 |
| total: | 22 | 3640g | / | 540w |
| Nerubian Tower | 1 | 100 | / | 20 |
| Spirit Tower | 3 | 435 | / | 120 |
| Crypt | 2 | 400 | / | 100 |
| Altar of Darkness | 2 | 360 | / | 100 |
| Ziggurat | 5 | 750 | / | 250 |
| Tomb of Relics | 1 | 130 | / | 30 |
| Graveyard | 1 | 215 | / | 0 |
| Necropolis | 1 | 225 | / | 0 |
| Slaughterhouse | 1 | 140 | / | 135 |
| Halls of the Dead | 1 | 320 | / | 210 |
| Black Citadel | 1 | 325 | / | 230 |
| total: | 13 | 2220g | / | 615w |
| 0:02 | Acolyte |
| 0:02 | Acolyte |
| 0:07 | Crypt |
| 0:17 | Altar of Darkness |
| 0:18 | Altar of Darkness |
| 0:33 | Ziggurat |
| 0:42 | Acolyte |
| 0:58 | Tomb of Relics |
| 1:09 | Ghoul |
| 1:29 | Graveyard |
| 1:45 | Ghoul |
| 2:21 | Rod of Necromancy |
| 2:23 | Death Coil |
| 2:41 | Halls of the Dead |
| 2:42 | Nerubian Tower |
| 2:59 | Crypt Fiend |
| 3:18 | Ziggurat |
| 4:16 | Spirit Tower |
| 4:24 | Crypt Fiend |
| 4:58 | Crypt Fiend |
| 5:41 | Crypt Fiend |
| 5:43 | Black Citadel |
| 5:44 | Ziggurat |
| 6:08 | Unholy Aura |
| 6:15 | Slaughterhouse |
| 7:19 | Death Coil |
| 7:41 | Rod of Necromancy |
| 7:43 | Potion of Healing |
| 7:48 | Frost Nova |
| 7:50 | Lesser Clarity Potion |
| 7:51 | Healing Salve |
| 8:04 | Obsidian Statue |
| 8:34 | Potion of Lesser Invulnerability |
| 8:43 | Obsidian Statue |
| 8:51 | Ziggurat |
| 9:04 | Ziggurat |
| 9:45 | Spirit Tower |
| 9:48 | Necropolis |
| 10:03 | Web |
| 10:27 | Crypt Fiend |
| 10:39 | Dark Ritual |
| 10:47 | Crypt Fiend |
| 10:49 | Crypt |
| 10:50 | Acolyte |
| 10:51 | Acolyte |
| 11:23 | Potion of Lesser Invulnerability |
| 11:39 | Spirit Tower |
| 11:46 | Creature Attack |
| 12:13 | Crypt Fiend |
| 12:17 | Acolyte |
| 13:04 | Crypt Fiend |
| 13:04 | Obsidian Statue |
| 13:08 | Unholy Aura |
| 13:33 | Frost Nova |
| 13:49 | Crypt Fiend |
| 13:51 | Obsidian Statue |
| 14:07 | Improved Creature Attack |
| 15:29 | Death Coil |
| 15:35 | Crypt Fiend |
| Right click | 937 |
| Select group | 646 |
| Select | 303 |
| Misc. action | 96 |
| Build/train/purchase | 76 |
| Chat | 40 |
| Assign group | 39 |
| Use ability | 36 |
| Resource trade | 15 |
| Item give/drop | 6 |
| Minimap ping | 3 |



| Healing Salve | 1 | 100 |
| Lesser Clarity Potion | 1 | 70 |
| Boots of Speed | 1 | 250 |
| Circlet of Nobility | 1 | 175 |
| total: | 4 | 595g |
| Peon | 10 | 750 | / | 0 |
| Tauren | 7 | 1960 | / | 560 |
| Shaman | 10 | 1300 | / | 200 |
| total: | 27 | 4010g | / | 760w |
| Watch Tower | 3 | 330 | / | 240 |
| Orc Burrow | 7 | 1120 | / | 280 |
| Altar of Storms | 1 | 180 | / | 50 |
| War Mill | 1 | 205 | / | 0 |
| Voodoo Lounge | 1 | 130 | / | 30 |
| Tauren Totem | 1 | 135 | / | 155 |
| Spirit Lodge | 3 | 450 | / | 450 |
| Beastiary | 1 | 145 | / | 140 |
| Stronghold | 1 | 315 | / | 190 |
| Fortress | 1 | 325 | / | 190 |
| total: | 18 | 2695g | / | 1345w |
| 0:03 | Peon |
| 0:10 | Orc Burrow |
| 0:14 | Altar of Storms |
| 0:16 | Peon |
| 0:28 | Peon |
| 0:39 | Peon |
| 0:54 | War Mill |
| 0:58 | Peon |
| 1:11 | Voodoo Lounge |
| 1:29 | Orc Burrow |
| 1:38 | Orc Burrow |
| 1:42 | Peon |
| 1:55 | Peon |
| 2:13 | Wind Walk |
| 2:16 | Healing Salve |
| 2:16 | Lesser Clarity Potion |
| 2:21 | Peon |
| 2:35 | Watch Tower |
| 2:50 | Peon |
| 2:51 | Peon |
| 3:34 | Stronghold |
| 3:39 | Watch Tower |
| 3:51 | Spiked Barricades |
| 4:14 | Orc Burrow |
| 4:26 | Boots of Speed |
| 4:27 | Circlet of Nobility |
| 5:14 | Steel Armor |
| 6:10 | Reinforced Defenses |
| 6:11 | Fortress |
| 6:27 | Tauren Totem |
| 6:38 | Spirit Lodge |
| 6:49 | Spirit Lodge |
| 7:02 | Spirit Lodge |
| 7:12 | War Stomp |
| 8:16 | Shaman Adept Training |
| 8:36 | Tauren |
| 8:36 | Pulverize |
| 8:43 | Orc Burrow |
| 8:46 | Steel Melee Weapons |
| 9:19 | Shaman Master Training |
| 9:31 | Critical Strike |
| 9:38 | Tauren |
| 9:40 | Shaman |
| 9:40 | Shaman |
| 10:24 | Endurance Aura |
| 10:28 | Healing Wave |
| 10:42 | Tauren |
| 10:46 | Thorium Armor |
| 10:54 | Shaman |
| 11:09 | Watch Tower |
| 11:25 | Tauren |
| 11:30 | Orc Burrow |
| 11:44 | Orc Burrow |
| 12:47 | Shaman |
| 12:48 | Shaman |
| 13:00 | Wind Walk |
| 13:18 | Hex |
| 13:38 | Shaman |
| 13:39 | Tauren |
| 13:44 | Healing Wave |
| 14:14 | Tauren |
| 14:17 | Thorium Melee Weapons |
| 14:34 | Shaman |
| 14:35 | Shaman |
| 15:14 | Beastiary |
| 15:17 | War Stomp |
| 15:51 | Shaman |
| 15:51 | Shaman |
| 15:52 | Tauren |
| 16:04 | Hex |
| Right click | 461 |
| Select | 319 |
| Build/train/purchase | 77 |
| Select group | 19 |
| Use ability | 18 |
| Assign group | 11 |
| Misc. action | 8 |
⇛